 Dungeon Crawl Stone Soup version 0.18.1-48-g4cf74bf (webtiles) character file.

186 JustSomeDude the Sneak (level 5, -1/57 HPs)
             Began as a Demonspawn Assassin on July 26, 2016.
             Slain by a worker ant (2 damage)
             ... on level 4 of the Dungeon.
             The game lasted 00:09:20 (2808 turns).

JustSomeDude the Sneak (Demonspawn Assassin)        Turns: 2808, Time: 00:09:21

Health: -1/57      AC: 22    Str: 11    XL:     5   Next: 38%
Magic:  13/14      EV:  2    Int: 12    God:
Gold:   222        SH:  0    Dex: 21    Spells: 0 memorised, 4 levels left

rFire  . . .     SeeInvis .     i - +0 dagger (freeze)
rCold  . . .     Gourm    .     (armour currently unavailable)
rNeg   + + +     Faith    .     (no shield)
rPois  +         Spirit   .     (helmet currently unavailable)
rElec  .         Dismiss  .     (cloak currently unavailable)
rCorr  .         Reflect  .     (gloves currently unavailable)
SustAt .         Harm     .     (boots currently unavailable)
MR     .....     NoTele   +     (no amulet)
Stlth  +++++.....               (no ring)
                                h - ring of magical power

@: agile, lethally poisoned (-1 -> -2), tree-form, not resistant to hostile
enchantments, quite stealthy
A: (yellow scales 0)
a: no special abilities


You were on level 4 of the Dungeon.
You were not hungry.
You were a tree.
You visited 1 branch of the dungeon, and saw 4 of its levels.

You collected 222 gold pieces.

Inventory:

Hand Weapons
 b - a +0 blowgun
 i - a +0 dagger of freezing (weapon)
Missiles
 e - 60 poisoned needles
 f - 2 curare-tipped needles
Armour
 d - a +0 cloak (melded)
 u - a +0 leather armour (melded)
Jewellery
 a - a cursed amulet of inaccuracy
 h - a ring of magical power (left branch)
Scrolls
 m - a scroll of random uselessness {unknown}
 n - a scroll of identify
 o - a scroll of recharging {unknown}
 q - 3 scrolls of noise {unknown}
 r - 2 scrolls of remove curse {unknown}
 t - 2 scrolls of amnesia {unknown}
 v - a scroll of fear {unknown}
Potions
 k - a potion of lignification
 l - a potion of agility
 p - a potion of haste
Comestibles
 g - 4 bread rations
 j - 3 meat rations
 w - 2 chunks of flesh


   Skills:
 + Level 2.2 Fighting
 + Level 2.4 Short Blades
 + Level 1.7 Throwing
 + Level 1.0 Armour
 + Level 2.9 Dodging
 + Level 4.9 Stealth


You had 4 spell levels left.
You didn't know any spells.

Dungeon Overview and Level Annotations

Branches:
Dungeon (4/15)
 Temple: D:4-7

Altars:
Elyvilon
Fedhas
Kikubaaqudgha
Pakellas
Yredelemnul


Innate Abilities, Weirdness & Mutations

((You are partially covered in yellow scales (AC +2).))


Message History

Your roots penetrate the ground.
You feel sick.
The worker ant bites you but does no damage.
Drink which item? (? for menu, Esc to quit)
It was a potion of mutation.
You feel extremely strange.
Your feet thicken and deform.
Your thoughts seem clearer.
You feel less energetic.
The worker ant bites you but does no damage.
Drink which item? (? for menu, Esc to quit)
It was a potion of cure mutation.
It has a very clean taste.
You feel more energetic.
Your thinking seems confused.
Your hooves expand and flesh out into feet!
You feel sick. The worker ant bites you.
* * * LOW HITPOINT WARNING * * *
Read which item? (? for menu, Esc to quit)
As you read the scroll labeled QYOW OPNOGUALL, it crumbles to dust.
It is a scroll of identify.
Identify which item? (\ to view known items) (? for menu, Esc to quit)
a - a cursed amulet of inaccuracy The worker ant bites you.
You die...

#.........#
#.........
#........ .......
......# .....
#......# .l.
#......#
#a###+##......###
#♣##...#........#
#......#........+
+......#........#
#......'........#
#......#........#
#......#........#
##....##........##
#....###'###...<.
#....#.....#..)..


You could see a worker ant and a giant newt.

Vanquished Creatures
  A centaur skeleton (D:4)
  An iguana (D:4)
  2 orc wizards (D:4)
  3 adders (D:2)
  An ooze (D:1)
  A worm (D:3)
  2 giant geckos
  2 orcs (D:4)
  9 bats
  2 giant cockroaches (D:3)
  5 goblins
  A hobgoblin (D:1)
  6 kobolds
  A quokka (D:2)
  A ball python (D:3)
  3 giant newts
  5 rats
46 creatures vanquished.

Notes
Turn   | Place    | Note
--------------------------------------------------------------
     0 | D:1      | JustSomeDude the Demonspawn Assassin began the quest for the Orb.
     0 | D:1      | Reached XP level 1. HP: 16/16 MP: 1/1
    84 | D:1      | Reached skill level 1 in Dodging
   153 | D:1      | Reached skill level 4 in Stealth
   153 | D:1      | Gained mutation: You are partially covered in yellow scales (AC +2). [demonic ancestry]
   153 | D:1      | Reached XP level 2. HP: 22/22 MP: 2/2
   853 | D:2      | Reached XP level 3. HP: 14/27 MP: 3/3
  1430 | D:2      | Found an ancient bone altar of Kikubaaqudgha.
  1443 | D:2      | Found an oddly glowing altar of Pakellas.
  2073 | D:3      | Reached XP level 4. HP: 31/33 MP: 4/4
  2079 | D:3      | Found a faded altar to an unknown god.
  2206 | D:4      | Found a blossoming altar of Fedhas.
  2519 | D:4      | Found a basalt altar of Yredelemnul.
  2595 | D:4      | Reached XP level 5. HP: 17/38 MP: 5/5
  2718 | D:4      | Found a white marble altar of Elyvilon.
  2777 | D:4      | Reached skill level 1 in Armour
  2806 | D:4      | Gained mutation: You have large cloven feet. [potion of mutation]
  2806 | D:4      | Gained mutation: You possess an exceptional clarity of mind. [potion of mutation]
  2806 | D:4      | Gained mutation: Your magical capacity is low (-10% MP). [potion of mutation]
  2807 | D:4      | Lost mutation: Your magical capacity is low (-10% MP). [potion of cure mutation]
  2807 | D:4      | Lost mutation: You possess an exceptional clarity of mind. [potion of cure mutation]
  2807 | D:4      | Lost mutation: You have large cloven feet. [potion of cure mutation]
  2807 | D:4      | HP: 1/57 [worker ant (5)]
  2808 | D:4      | Slain by a worker ant

Skill      XL: |  1  2  3  4  5 |
---------------+----------------+-----
Dodging        | 1 2 |  2.9
Stealth        | 4 |  4.9
Short Blades   | 2 |  2.4
Armour         | 1 |  1.0
Fighting       | |  2.2
Throwing       | |  1.7

Action                   |  1- 3 |  4- 6 || total
-------------------------+-------+-------++-------
Melee: Dagger            |   135 |   111 ||   246
 Fire: Blowgun           |     5 |     3 ||     8
  Use: Potion            |       |     6 ||     6
       Scroll            |       |     1 ||     1
 Stab: Sleeping          |     6 |     2 ||     8
  Eat: Chunk             |     4 |     2 ||     6
Armor: Robe              |    36 |       ||    36
       Leather armour    |    10 |    26 ||    36
       Skin              |       |     2 ||     2
Dodge: Dodged            |    84 |    61 ||   145
